 Dungeon Crawl Stone Soup version 0.31-a0-221-gbddc013574 (webtiles) character file.

Game seed: 7904589275452572012

122 qw the Chopper (level 5, -1/32 HPs)
             Began as a Gargoyle Fighter on July 3, 2023.
             Killed from afar by Sigmund (7 damage)
             ... with a magic dart
             ... on level 2 of the Dungeon.
             The game lasted 00:01:01 (1206 turns).

qw the Chopper (Gargoyle Fighter)                   Turns: 1206, Time: 00:01:02

Health: -1/32      AC: 10    Str: 22    XL:     5   Next: 6%
Magic:  5/5        EV:  9    Int:  8    God:
Gold:   78         SH:  4    Dex:  9    Spells: 4/4 levels left

rFire   . . .        Y - +0 war axe
rCold   . . .        c - +0 buckler
rNeg    + . .        b - +0 scale mail
rPois   inf          (no helmet)
rElec   +            (no cloak)
rCorr   .            (no gloves)
SInv    .            (no boots)
Will    .....        (no amulet) Stlth
                     (no ring)
HPRegen 0.25/turn    (no ring)
MPRegen 0.09/turn

%: no passive effects
@: no status effects
A: sickness immunity, AC +4, negative energy resistance 1, electricity
resistance, torment resistance 1, petrification resistance
a: no special abilities


You were on level 2 of the Dungeon.
You visited 1 branch of the dungeon, and saw 2 of its levels.

You collected 78 gold pieces.


Innate Abilities, Weirdness & Mutations

You are immune to sickness and miasma.
Your stone body is resilient. (AC +4)
You are immune to poison.
You resist negative energy. (rN+)
You are resistant to electric shocks. (rElec)
You are resistant to unholy torment.
You are immune to petrification.


   Skills:
 - Level 3.2 Fighting
 + Level 4.6 Axes
 - Level 3.2 Armour
 - Level 3.2 Shields


You had 4 spell levels left.
You didn't know any spells.
Your spell library was empty.

Inventory:

Hand Weapons
 a - a +0 mace
 Y - a +0 war axe (weapon)
Armour
 b - a +0 scale mail (worn)
 c - a +0 buckler (worn)
 g - a +0 helmet
 k - a +0 chain mail
Scrolls
 e - a scroll of enchant armour {unknown}
 h - a scroll of vulnerability {unknown}
 l - 2 scrolls of teleportation {unknown}
Potions
 d - a potion of might
 f - 2 potions of haste {unknown}
 i - a potion of attraction {unknown}
 m - a potion of heal wounds {unknown}

Dungeon Overview and Level Annotations

Branches:
Dungeon (2/15)

Altars:

Annotations:
D:2 Sigmund


Message History

You open the door.
Found a book of Spectacle.
Enter note:
Enter note:
Enter note:
Enter note:
There is an open door here.
You see here a book of Spectacle.
Sigmund the Dreaded comes into view.
He is wielding a +0 scythe and wearing a +2 robe of cold resistance.
Sigmund shouts!
Sigmund casts a spell.
Sigmund flickers and vanishes!
Deactivating autopickup; reactivate with Ctrl-A.
Enter note:
Enter note:
Enter note:
Enter note: You swing at nothing.
Something hits you.
You swing at nothing.
Something hits you but does no damage.
You swing at nothing.
Something hits you.
You swing at nothing.
Something completely misses you.
You swing at nothing.
Something hits you.
You swing at nothing.
You swing at nothing.
Something hits you.
You swing at nothing.
Something hits you.
You swing at nothing.
Something hits you.
You swing at nothing.
Something hits you!
You swing at nothing.
A magic dart appears from out of thin air!
The magic dart hits you!
You die...

#.##...'....#.# #.####.#######.#
#.##...###..#.###.#.......####.#
...%...+......................>#
#.##...###.##.###....#.#######.#
#......)......# #.##.#.# #.#
##########....# #.##.#.# #.#
#....######.#.#######.#
#....'...##.#.##......#
#....#:@....#.##.###..#
#....###......_..##..## #....#
{........#..## #....#
.....\.}...## #....#
......#...## #....# ......../.#
###### ########.## ###...#
#...###


There were no monsters in sight!

Vanquished Creatures
  Jessica (D:2)
  Robin (D:2)
  2 adders (D:2)
  A worm (D:2)
  A dart slug (D:2)
  An orc (D:2)
  A bat (D:1)
  6 endoplasms
  6 goblins
  11 hobgoblins
  9 kobolds
  2 quokkas
  5 ball pythons
  4 frilled lizards
  6 rats
57 creatures vanquished.

Notes
Turn   | Place    | Note
-------+----------+-------------------------------------------
     0 | D:1      | qw the Gargoyle Fighter began the quest for the Orb.
     0 | D:1      | Reached XP level 1. HP: 14/14 MP: 1/1
     0 | D:1      | 0 ||| qw: Version: 0.3-a-40-ge99b1a8
     0 | D:1      | 0 ||| qw: Game counter: 580
     0 | D:1      | 0 ||| qw: Melee chars always use a shield: true
     0 | D:1      | 0 ||| qw: God list: Okawaru
     0 | D:1      | 0 ||| qw: Allow faded altars: false
     0 | D:1      | 0 ||| qw: Do Orc after clearing Dungeon:15 true
     0 | D:1      | 0 ||| qw: Do second Lair branch before Depths: true
     0 | D:1      | 0 ||| qw: Lair rune preference: random
     0 | D:1      | 0 ||| qw: Goals: Normal, Zot:1-4, Slime:5, God:TSO, Crypt,
                  | Tomb, Abyss, Pan, Hells, Win
     0 | D:1      | 0 ||| PLANNING D:1-11
    31 | D:1      | Reached skill level 2 in Axes
   112 | D:1      | Reached XP level 2. HP: 19/19 MP: 2/2
   292 | D:1      | 292 ||| Stepping ~*~*~tactically~*~*~ (stealth).
   320 | D:1      | 320 ||| Stepping ~*~*~tactically~*~*~ (stealth).
   337 | D:1      | Reached skill level 3 in Axes
   340 | D:1      | Reached XP level 3. HP: 14/23 MP: 3/3
   611 | D:1      | 611 ||| DROPPING ring of magical power.
   612 | D:1      | 612 ||| READING scroll labelled RULLIH EGRUDO.
   613 | D:1      | 613 ||| READING scroll labelled TYDEAH LAISO.
   614 | D:1      | 614 ||| READING scroll labelled AQYHUMN SEAPN.
   655 | D:2      | Noticed Robin
   664 | D:2      | Killed Robin
   713 | D:2      | 713 ||| DROPPING +0 whip.
   774 | D:2      | Reached XP level 4. HP: 28/28 MP: 4/4
   845 | D:2      | Noticed Jessica
   847 | D:2      | 847 ||| Stepping ~*~*~tactically~*~*~ (hiding).
   848 | D:2      | 848 ||| Stepping ~*~*~tactically~*~*~ (hiding).
   850 | D:2      | Killed Jessica
   851 | D:2      | Reached skill level 4 in Axes
   852 | D:2      | 852 ||| FLEEEEING.
   855 | D:2      | 855 ||| FLEEEEING.
   919 | D:2      | Found a faded altar of an unknown god.
  1063 | D:2      | Reached XP level 5. HP: 32/32 MP: 5/5
  1070 | D:2      | 1070 ||| Stepping ~*~*~tactically~*~*~ (hiding).
  1195 | D:2      | Noticed Sigmund
  1205 | D:2      | HP: 6/32 [something (7)]
  1206 | D:2      | Killed from afar by Sigmund

Levels and vault maps discovered:
D:1:      tarquinn_simple_flora_water_c, layout_rooms, hangedman_decor_riveting
D:2:      layout_basic, ebering_ecumenical_altar_abandoned, minmay_pentomino_s2,
          uniq_jessica, uniq_robin, uniq_sigmund

Skill      XL: |  1  2  3  4 |
---------------+-------------+-----
Axes           | 2 3 4 |  4.6
Fighting       | |  3.2
Armour         | |  3.2
Shields        | |  3.2

Action                     |  1- 3 |  4- 6 || total
---------------------------+-------+-------++-------
  Melee: War axe           |   105 |    37 ||   142
  Throw: Boomerang         |       |     3 ||     3
    Use: Scroll            |     3 |       ||     3
 Armour: Scale mail        |    45 |    13 ||    58
  Dodge: Dodged            |    41 |    16 ||    57
  Block: Buckler           |    24 |     3 ||    27

Table legend:
 A = Non-vault XP
 B = Vault XP
 C = Vault XP percentage of total XP
 D = Non-vault monster count
 E = Vault monster count
 F = Vault count percentage of total count
                 A         B        C        D         E       F
            +---------+---------+-------+---------+---------+-------
      Total |     107 |      68 |  38.9 |      48 |       9 |  15.8
            +---------+---------+-------+---------+---------+-------
        D:1 |      49 |       0 |   0.0 |      30 |       0 |   0.0
        D:2 |      58 |      68 |  54.0 |      18 |       9 |  33.3
            +---------+---------+-------+---------+---------+-------
